[Event "46th GRE-chT Premier 2018"]
[Site "Rio Achaia"]
[Date "2018.07.10"]
[Round "1"]
[White "Pavlidou, Ekaterini"]
[Black "Krasteva, Beloslava"]
[Result "1-0"]
[ECO "D31"]
[WhiteElo "2186"]
[BlackElo "2086"]
[Annotator "NA"]
[PlyCount "73"]
[EventDate "2018.07.10"]
[EventType "team-tourn"]
[EventCountry "GRE"]
[SourceTitle "playchess.com"]
[Source "ChessBase"]
[SourceQuality "1"]
[TimeControl "40/5400+30:1800+30"]

1. d4 d5 2. c4 e6 3. Nc3 Be7 4. cxd5 exd5 5. Bf4 Nf6 6. e3 O-O 7. Bd3 c5 8. Nge2 Nc6 9. O-O Be6 10. h3 a6 11. Rc1 c4 12. Bb1 b5 13. a3 Qd7 14. Ng3 Rfd8 15. Bg5 Ne8 16. Bxe7 Nxe7 17. Qc2 g6 18. Rcd1 a5 19. Nce2 Nd6 20. f3 b4 21. e4 bxa3 22. bxa3 Nb5 23. Qc1 Nc6 24. a4 Nd6 25. Nf4 Nb4 26. Rfe1 Qxa4 27. e5 Ne8 28. Nfh5 gxh5 29. Qg5+ Kf8 30. f4 Nd3 31. Rf1 h6 32. Qxh6+ Ke7 33. f5 Qc6 34. Bxd3 cxd3 35. fxe6 Qxe6 36. Qxh5 Nc7 37. Rf6 1-0

[Event "46th GRE-chT Premier 2018"]
[Site "Rio Achaia"]
[Date "2018.07.10"]
[Round "1"]
[White "Tzintzios, Georgios"]
[Black "Argiroudis, Stamatis"]
[Result "0-1"]
[ECO "B10"]
[WhiteElo "2186"]
[BlackElo "2306"]
[Annotator "NA"]
[PlyCount "88"]
[EventDate "2018.07.10"]
[EventType "team-tourn"]
[EventCountry "GRE"]
[SourceTitle "playchess.com"]
[Source "ChessBase"]
[SourceQuality "1"]
[TimeControl "40/5400+30:1800+30"]

1. e4 c6 2. d3 d5 3. Nd2 e5 4. Ngf3 Bd6 $11 5. Qe2 Nf6 6. g3 O-O 7. Bg2 Re8 8. O-O Nbd7 9. b3 a5 10. a4 Qc7 11. Bb2 Nc5 12. Nh4 Bg4 13. f3 Bd7 14. f4 Bg4 15. Qf2 dxe4 16. dxe4 exf4 17. Bxf6 Ne6 18. Bd4 fxg3 19. Qe3 Nxd4 20. Qxd4 Qe7 21. Nf5 Bxf5 22. Rxf5 g6 23. Nc4 Bb8 24. Rc5 Ba7 25. Nd6 Qe5 26. Qxe5 Rxe5 27. Nxb7 Bxc5+ 28. Nxc5 Rxc5 29. hxg3 Rxc2 30. Bf1 Rd8 31. Re1 c5 32. Bc4 Kg7 33. e5 Rdd2 34. Bf1 Rc3 35. Bc4 Rxg3+ 36. Kh1 Rc3 37. Rf1 Rxc4 38. bxc4 Ra2 39. Rc1 Kf8 40. Rf1 Ke7 41. Rb1 Rxa4 42. Rb5 Rxc4 43. Rxa5 Ke6 44. Ra7 Re4 0-1

[Event "46th GRE-chT Premier 2018"]
[Site "Rio Achaia"]
[Date "2018.07.10"]
[Round "1"]
[White "Liodakis, Konstantinos-Spyros"]
[Black "Michos, Thomas"]
[Result "1/2-1/2"]
[ECO "C51"]
[WhiteElo "2183"]
[BlackElo "2211"]
[Annotator "NA"]
[PlyCount "49"]
[EventDate "2018.07.10"]
[EventType "team-tourn"]
[EventCountry "GRE"]
[SourceTitle "playchess.com"]
[Source "ChessBase"]
[SourceQuality "1"]
[TimeControl "40/5400+30:1800+30"]

1. e4 e5 2. Nf3 Nc6 3. Bc4 Bc5 4. b4 Bxb4 5. c3 Bc5 6. d4 Bb6 7. Nxe5 Nxe5 8. dxe5 Ne7 9. Bg5 O-O 10. O-O Qe8 11. Kh1 Ng6 12. Bb3 h6 13. Bc1 Qxe5 14. f4 Qxe4 15. f5 Ne5 16. f6 d6 17. fxg7 Kxg7 18. Bf4 Ng4 19. Nd2 Qd3 20. Bc2 Qxf1+ 21. Qxf1 Nf2+ 22. Kg1 Nh3+ 23. Kh1 Nf2+ 24. Kg1 Nh3+ 25. Kh1 1/2-1/2

[Event "46th GRE-chT Premier 2018"]
[Site "Rio Achaia"]
[Date "2018.07.10"]
[Round "1"]
[White "Tsiros, Fragkiskos Vlasios"]
[Black "Ladopoulos, Dimitrios"]
[Result "0-1"]
[ECO "B07"]
[WhiteElo "2181"]
[BlackElo "2183"]
[Annotator "NA"]
[PlyCount "111"]
[EventDate "2018.07.10"]
[EventType "team-tourn"]
[EventCountry "GRE"]
[SourceTitle "playchess.com"]
[Source "ChessBase"]
[SourceQuality "1"]
[TimeControl "40/5400+30:1800+30"]

1. e4 d6 2. d4 Nf6 3. Nc3 c6 4. Nf3 Bg4 5. Be2 Nbd7 6. O-O e5 7. Be3 b5 8. a3 a6 9. Nh4 Bxe2 10. Qxe2 g6 11. f4 exf4 12. Bxf4 Nh5 13. Nf5 Nxf4 14. Rxf4 Qb6 15. Re1 O-O-O 16. Ng3 Qxd4+ 17. Kh1 Ne5 18. a4 Bh6 19. Rff1 Qd2 20. axb5 Qxe2 21. Ncxe2 axb5 22. Nd4 Rhe8 23. Ra1 Kb7 24. Nf3 Rd7 25. b3 Bf4 26. Ne2 Be3 27. Nxe5 Rxe5 28. Ng3 Rde7 29. Rf3 Bg5 30. Rd1 Kc7 31. Rfd3 R7e6 32. Ra1 Re7 33. Ra7+ Kb6 34. Rxe7 Bxe7 35. Rf3 f6 36. h4 Rc5 37. c3 d5 38. exd5 Rxd5 39. h5 Bd6 40. hxg6 hxg6 41. Kg1 f5 42. Ne2 Bc5+ 43. Kh2 Rd2 44. Ng3 Bd6 45. Kh3 Rc2 46. Nf1 Be5 47. c4 bxc4 48. bxc4 Rxc4 49. Ne3 Rc3 50. Kh4 Bd4 51. Nf1 Rxf3 52. gxf3 Bf6+ 53. Kg3 Kc5 54. Kf4 Kd4 55. Nd2 c5 56. Nb3+ {[%emt 0:00:04] Ke5+} 0-1

[Event "46th GRE-chT Premier 2018"]
[Site "Rio Achaia"]
[Date "2018.07.10"]
[Round "1"]
[White "Tsekmes, Dimitrios"]
[Black "Kouskoutis, Georgios-Alexandros"]
[Result "1/2-1/2"]
[ECO "B38"]
[WhiteElo "2170"]
[BlackElo "2307"]
[Annotator "NA"]
[PlyCount "75"]
[EventDate "2018.07.10"]
[EventType "team-tourn"]
[EventCountry "GRE"]
[SourceTitle "playchess.com"]
[Source "ChessBase"]
[SourceQuality "1"]
[TimeControl "40/5400+30:1800+30"]

1. e4 c5 2. Nf3 g6 3. d4 cxd4 4. Nxd4 Bg7 5. c4 Nc6 6. Be3 Nf6 7. Nc3 O-O 8. Be2 d6 9. f3 Nxd4 10. Bxd4 Be6 11. O-O Rc8 12. b3 a6 13. Kh1 Qa5 14. f4 b5 15. f5 Bd7 16. Bxf6 Bxf6 17. Nd5 Bc6 18. Nxf6+ exf6 19. Qxd6 Bxe4 20. fxg6 hxg6 21. Qxf6 Qd2 22. Bf3 Rc6 23. Qh4 Bxf3 24. Rxf3 Rc5 25. Raf1 bxc4 26. bxc4 Qe2 27. Rc1 Qxa2 28. Qd4 Rg5 29. Rf2 Qa3 30. Rcf1 Qc5 31. Qd3 Rg4 32. Rf4 Rxf4 33. Rxf4 Re8 34. g3 Qc6+ 35. Qd5 Qxd5+ 36. cxd5 Rd8 37. Ra4 Rxd5 38. Rxa6 1/2-1/2

[Event "46th GRE-chT Premier 2018"]
[Site "Rio Achaia"]
[Date "2018.07.10"]
[Round "1"]
[White "Hrisomalis, Theodoros"]
[Black "Sigalas, Frangiskos"]
[Result "0-1"]
[ECO "C05"]
[WhiteElo "2163"]
[BlackElo "2213"]
[Annotator "NA"]
[PlyCount "116"]
[EventDate "2018.07.10"]
[EventType "team-tourn"]
[EventCountry "GRE"]
[SourceTitle "playchess.com"]
[Source "ChessBase"]
[SourceQuality "1"]
[TimeControl "40/5400+30:1800+30"]

1. e4 e6 2. d4 d5 3. Nd2 Nf6 4. Bd3 c5 5. dxc5 Bxc5 6. Qe2 Nc6 7. Ngf3 Nb4 8. e5 Nd7 9. O-O Nxd3 10. cxd3 O-O 11. Nb3 Be7 12. Nfd4 a5 13. a4 Qb6 14. Nb5 f6 15. exf6 Nxf6 16. Bf4 Ne8 17. Be5 Bd7 18. Bd4 Qd8 19. Nc5 Bxc5 20. Bxc5 Rf7 21. Nc3 b6 22. Bd4 Nd6 23. Be5 Nf5 24. Qg4 Rc8 25. Rac1 Qf8 26. Ne2 b5 27. Rxc8 Qxc8 28. Rc1 Qa6 29. Qg5 Qa8 30. axb5 Bxb5 31. Nf4 Bd7 32. Rc7 Qb8 33. g4 Nd4 34. Kg2 h6 35. Qh5 Qd8 36. Rb7 Nc6 37. Ng6 Be8 38. Rb3 d4 39. Rb5 Nxe5 40. Nxe5 Rf6 41. Nf7 Rxf7 42. Rxa5 Rxf2+ 43. Kxf2 Bxh5 44. Rxh5 Qb6 45. Re5 Qxb2+ 46. Kg3 Kf7 47. Re4 Qd2 48. Rf4+ Ke7 49. Rf3 g5 50. Kh3 e5 51. Rg3 Qe2 52. Rg2 Qxd3+ 53. Rg3 Qf1+ 54. Rg2 d3 55. Kg3 Qf4+ 56. Kh3 Qf3+ 57. Rg3 Qf1+ 58. Rg2 d2 0-1

[Event "46th GRE-chT Premier 2018"]
[Site "Rio Achaia"]
[Date "2018.07.10"]
[Round "1"]
[White "Korniotis, Filippos"]
[Black "Samaridis, Konstantinos"]
[Result "1/2-1/2"]
[ECO "D37"]
[WhiteElo "2163"]
[BlackElo "2103"]
[Annotator "NA"]
[PlyCount "92"]
[EventDate "2018.07.10"]
[EventType "team-tourn"]
[EventCountry "GRE"]
[SourceTitle "playchess.com"]
[Source "ChessBase"]
[SourceQuality "1"]
[TimeControl "40/5400+30:1800+30"]

1. d4 Nf6 2. Nf3 d5 3. c4 e6 4. Nc3 dxc4 5. e3 a6 6. a4 c5 7. Bxc4 Nc6 8. O-O Be7 9. Qd3 O-O 10. Rd1 Qc7 11. Qe2 b6 12. h3 Bb7 13. Bd2 Rfd8 14. Be1 Nb4 15. Rac1 Bxf3 16. Qxf3 cxd4 17. Na2 Nxa2 18. Bxa2 Qe5 19. Rxd4 Bc5 20. Rxd8+ Rxd8 21. Qe2 a5 22. Bc3 Qe4 23. Bb1 Qxa4 24. Bxf6 gxf6 25. Qh5 Kf8 26. Qxh7 Rd1+ 27. Rxd1 Qxd1+ 28. Kh2 Bd6+ 29. g3 Qf1 30. Qc2 Bb4 31. Ba2 Be1 32. Bc4 Qxf2+ 33. Qxf2 Bxf2 34. e4 a4 35. Bb5 Bd4 36. Bxa4 Bxb2 37. Kg2 Ke7 38. Kf3 f5 39. exf5 exf5 40. g4 Kf6 41. Bb3 fxg4+ 42. hxg4 b5 43. Bd5 b4 44. Bb3 Kg6 45. Ke4 f6 46. Be6 Kg5 1/2-1/2

[Event "46th GRE-chT Premier 2018"]
[Site "Rio Achaia"]
[Date "2018.07.10"]
[Round "1"]
[White "Pantazopoulos, Stavros"]
[Black "Azis, Azizis Ektoras"]
[Result "1/2-1/2"]
[ECO "E44"]
[WhiteElo "2153"]
[BlackElo "2209"]
[Annotator "NA"]
[PlyCount "87"]
[EventDate "2018.07.10"]
[EventType "team-tourn"]
[EventCountry "GRE"]
[SourceTitle "playchess.com"]
[Source "ChessBase"]
[SourceQuality "1"]
[TimeControl "40/5400+30:1800+30"]

1. d4 Nf6 2. c4 e6 3. Nc3 Bb4 4. e3 b6 5. Nge2 c5 6. a3 Ba5 7. Rb1 Na6 8. g3 Bb7 9. d5 exd5 10. Bg2 Rb8 11. cxd5 b5 12. O-O b4 13. Nb5 Qb6 14. axb4 Nxb4 15. Nbc3 O-O 16. Ra1 Qd8 17. e4 d6 18. Bf4 Ne8 19. Nb5 Bb6 20. Nxa7 Bxa7 21. Rxa7 Ba6 22. Bd2 Qb6 23. Re7 Nd3 24. Bc3 Nxb2 25. Qd2 Nc4 26. Qa2 Ne5 27. Ra1 Bc4 28. Qd2 Nc7 29. Bxe5 dxe5 30. Rxe5 Qf6 31. f4 Rbe8 32. Rc1 Bxe2 33. Qxe2 Rxe5 34. fxe5 Qxe5 35. Rxc5 Ne8 36. Qd2 Nd6 37. Qc3 f6 38. Qxe5 fxe5 39. Rc6 Rf6 40. Rc7 Kf8 41. Rc6 h6 42. Ra6 Ke7 43. Ra7+ Kf8 44. Ra6 1/2-1/2

[Event "46th GRE-chT Premier 2018"]
[Site "Rio Achaia"]
[Date "2018.07.10"]
[Round "1"]
[White "Makropoulou, Marina"]
[Black "Michna, Marta"]
[Result "1/2-1/2"]
[ECO "C16"]
[WhiteElo "2135"]
[BlackElo "2322"]
[Annotator "NA"]
[PlyCount "33"]
[EventDate "2018.07.10"]
[EventType "team-tourn"]
[EventCountry "GRE"]
[SourceTitle "playchess.com"]
[Source "ChessBase"]
[SourceQuality "1"]
[TimeControl "40/5400+30:1800+30"]

1. e4 e6 2. d4 d5 3. Nc3 Bb4 4. e5 Ne7 5. Bd2 c5 6. a3 Bxc3 7. Bxc3 cxd4 8. Bxd4 Nbc6 9. Nf3 Nxd4 10. Qxd4 Nc6 11. Qe3 d4 12. Qf4 Qa5+ 13. Qd2 Qd5 14. Qf4 Qa5+ 15. Qd2 Qd5 16. Qf4 Qa5+ 17. Qd2 1/2-1/2

[Event "46th GRE-chT Premier 2018"]
[Site "Rio Achaia"]
[Date "2018.07.10"]
[Round "1"]
[White "Krallis, Christos"]
[Black "Petrakis, Stylianos"]
[Result "1-0"]
[ECO "A16"]
[WhiteElo "2132"]
[BlackElo "2024"]
[Annotator "NA"]
[PlyCount "53"]
[EventDate "2018.07.10"]
[EventType "team-tourn"]
[EventCountry "GRE"]
[SourceTitle "playchess.com"]
[Source "ChessBase"]
[SourceQuality "1"]
[TimeControl "40/5400+30:1800+30"]

1. c4 Nf6 2. Nc3 g6 3. e4 d6 4. Nge2 Bg7 5. g3 O-O 6. Bg2 c5 7. O-O Nc6 8. d3 a6 9. a3 Rb8 10. Rb1 Bd7 11. b4 cxb4 12. axb4 b5 13. cxb5 axb5 14. Qb3 Ne8 15. Be3 e5 16. Nd5 Be6 17. f4 Ne7 18. Rbc1 Kh8 19. Nec3 Nc7 20. Qd1 Na6 21. Nxe7 Qxe7 22. f5 Bd7 23. Nd5 Qd8 24. f6 Bxf6 25. Nxf6 Nxb4 26. Qd2 Na6 27. Bh6 1-0

[Event "46th GRE-chT Premier 2018"]
[Site "Rio Achaia"]
[Date "2018.07.10"]
[Round "1"]
[White "Mavrikakis, Georgios"]
[Black "Ilandzis, Spyridon"]
[Result "0-1"]
[ECO "B53"]
[WhiteElo "2127"]
[BlackElo "1980"]
[Annotator "NA"]
[PlyCount "68"]
[EventDate "2018.07.10"]
[EventType "team-tourn"]
[EventCountry "GRE"]
[SourceTitle "playchess.com"]
[Source "ChessBase"]
[SourceQuality "1"]
[TimeControl "40/5400+30:1800+30"]

1. e4 c5 2. Nf3 d6 3. d4 cxd4 4. Qxd4 a6 5. h3 Nf6 6. Be2 e6 7. O-O Be7 8. c4 O-O 9. Nc3 Nbd7 10. Bg5 Qc7 11. Rfd1 b6 12. Bh4 Bb7 13. Bg3 e5 14. Qe3 Nc5 15. Nd2 Ne6 16. Nb3 Nd7 17. h4 Ndc5 18. Bf3 Nxb3 19. axb3 Nd4 20. Rxd4 exd4 21. Qxd4 Rad8 22. Rd1 Qc5 23. Qd3 Rfe8 24. h5 Qb4 25. Ne2 b5 26. Nd4 g6 27. cxb5 axb5 28. Qxb5 Qxb5 29. Nxb5 gxh5 30. Bxh5 Bxe4 31. Bf4 Rd7 32. Re1 Bc6 33. Nxd6 Rxd6 34. Bxd6 Bxd6 0-1

[Event "46th GRE-chT Premier 2018"]
[Site "Rio Achaia"]
[Date "2018.07.10"]
[Round "1"]
[White "Kordis, Konstantinos"]
[Black "Gimnopoulos, Lazaros"]
[Result "1-0"]
[ECO "B90"]
[WhiteElo "2100"]
[BlackElo "2033"]
[Annotator "NA"]
[PlyCount "101"]
[EventDate "2018.07.10"]
[EventType "team-tourn"]
[EventCountry "GRE"]
[SourceTitle "playchess.com"]
[Source "ChessBase"]
[SourceQuality "1"]
[TimeControl "40/5400+30:1800+30"]

1. e4 c5 2. Nf3 d6 3. d4 cxd4 4. Nxd4 Nf6 5. Nc3 a6 6. Bc4 e6 7. Bb3 Be7 8. Be3 Nc6 9. Qe2 Na5 10. O-O-O Nxb3+ 11. cxb3 Qa5 12. Kb1 Bd7 13. g4 Bc6 14. f3 Rd8 15. g5 Nh5 16. f4 g6 17. f5 exf5 18. exf5 Bxh1 19. f6 Nxf6 20. gxf6 Bxf6 21. Bg5+ Be5 22. b4 Qxb4 23. a3 Qc5 24. Nb3 Qb6 25. Bxd8 Qxd8 26. Rxh1 O-O 27. Nd5 Qh4 28. Qf3 b5 29. Nb4 a5 30. Nxa5 Rc8 31. Nac6 Rc7 32. Nxe5 dxe5 33. Qd5 e4 34. Qxb5 Re7 35. Nc6 Re6 36. Nd4 Re7 37. Qb8+ Kg7 38. Rg1 Qh3 39. Qb5 Kf8 40. Qc5 Qxh2 41. Nc6 Qc7 42. a4 Kg7 43. Qd4+ Kg8 44. Nxe7+ Qxe7 45. Re1 f5 46. Rc1 g5 47. Rc8+ Kf7 48. Qb6 e3 49. Rc7 f4 50. Rxe7+ Kxe7 51. Qh6 1-0

[Event "46th GRE-chT Premier 2018"]
[Site "Rio Achaia"]
[Date "2018.07.10"]
[Round "1"]
[White "Serpetsidakis, Nikolaos"]
[Black "Laspas, Antonios"]
[Result "1-0"]
[ECO "D35"]
[WhiteElo "2087"]
[BlackElo "1566"]
[Annotator "NA"]
[PlyCount "93"]
[EventDate "2018.07.10"]
[EventType "team-tourn"]
[EventCountry "GRE"]
[SourceTitle "playchess.com"]
[Source "ChessBase"]
[SourceQuality "1"]
[TimeControl "40/5400+30:1800+30"]

1. d4 Nf6 2. c4 e6 3. Nc3 d5 4. cxd5 exd5 5. Bg5 c6 6. e3 Be7 7. Bd3 Nbd7 8. Nge2 Nh5 9. Bxe7 Qxe7 10. O-O O-O 11. Rb1 Ndf6 12. b4 b5 13. a4 a6 14. Nc1 g6 15. Qc2 Bd7 16. Re1 Rfe8 17. Re2 Qd6 18. f3 Rac8 19. Qd2 Re7 20. Bc2 Qc7 21. Nd3 Ng7 22. Nc5 Ra8 23. Ra1 Ree8 24. Bb3 Ne6 25. Nd3 Qd6 26. a5 Re7 27. Rae1 Rae8 28. Nd1 Bc8 29. N1b2 Nh5 30. g4 Nhg7 31. f4 f5 32. g5 Kf8 33. Ne5 Nd8 34. Rc1 Bb7 35. Nbd3 Nge6 36. h4 Ba8 37. Rh2 Ng7 38. Nc5 Ra7 39. Bd1 Nf7 40. h5 gxh5 41. Bxh5 Nxh5 42. Rxh5 Nxe5 43. dxe5 Qd8 44. Qd3 Qc8 45. e6 Rae7 46. Nd7+ Kg7 47. Qd4+ 1-0

[Event "46th GRE-chT Premier 2018"]
[Site "Rio Achaia"]
[Date "2018.07.10"]
[Round "1"]
[White "Triantos, Konstantinos"]
[Black "Damianou, Ioannis"]
[Result "1/2-1/2"]
[ECO "C77"]
[WhiteElo "2078"]
[BlackElo "2058"]
[Annotator "NA"]
[PlyCount "73"]
[EventDate "2018.07.10"]
[EventType "team-tourn"]
[EventCountry "GRE"]
[SourceTitle "playchess.com"]
[Source "ChessBase"]
[SourceQuality "1"]
[TimeControl "40/5400+30:1800+30"]

1. e4 e5 2. Nf3 Nc6 3. Bb5 a6 4. Ba4 Nf6 5. d3 b5 6. Bb3 Be7 7. O-O d6 8. a3 O-O 9. Nc3 Bg4 10. Be3 Nd4 11. Bxd4 exd4 12. Nd5 c5 13. h3 Be6 14. Nxf6+ Bxf6 15. Bxe6 fxe6 16. Nh2 Be5 17. Qg4 Bxh2+ 18. Kxh2 Qf6 19. f4 e5 20. f5 c4 21. Rf2 Rac8 22. Raf1 Rc7 23. Qh5 cxd3 24. cxd3 Qf7 25. Qh4 Qf6 26. Qh5 Qf7 27. Qf3 Qf6 28. g4 Qg5 29. Rg2 Rfc8 30. Qg3 Rc2 31. Rff2 Qc1 32. Qh4 Qxb2 33. Rxc2 Rxc2 34. Qd8+ Kf7 35. Qd7+ Kf8 36. Qxd6+ Kf7 37. Qd7+ 1/2-1/2

[Event "46th GRE-chT Premier 2018"]
[Site "Rio Achaia"]
[Date "2018.07.10"]
[Round "1"]
[White "Fragkos, Vasilios"]
[Black "Sgouros, Apostolos"]
[Result "1-0"]
[ECO "B20"]
[WhiteElo "2066"]
[BlackElo "2024"]
[Annotator "NA"]
[PlyCount "69"]
[EventDate "2018.07.10"]
[EventType "team-tourn"]
[EventCountry "GRE"]
[SourceTitle "playchess.com"]
[Source "ChessBase"]
[SourceQuality "1"]
[TimeControl "40/5400+30:1800+30"]

1. e4 c5 2. b3 e5 3. Bb2 d6 4. Nf3 Be7 5. Bb5+ Bd7 6. Bxd7+ Qxd7 7. O-O Nf6 8. Re1 Nc6 9. d3 O-O 10. Nbd2 b5 11. a4 a6 12. Nf1 Rfc8 13. Ne3 Bd8 14. c3 Ba5 15. Re2 Re8 16. axb5 axb5 17. Nf5 d5 18. Qc1 h6 19. N3h4 Ne7 20. Nxh6+ gxh6 21. Qxh6 Qg4 22. Re3 Qf4 23. Rg3+ Ng6 24. Rxg6+ fxg6 25. Qxg6+ Kf8 26. Nf5 Re6 27. Qg7+ Ke8 28. Bc1 Qg4 29. Bg5 Bd8 30. Re1 Qh5 31. exd5 Nxd5 32. Bxd8 Rxd8 33. Qg8+ Kd7 34. Qxe6+ Kxe6 35. Ng7+ {[%emt 0:00:02] Kf5 [%clk 0:01:10] Nxh5 [%clk 0:02:18] Nxc3 [%clk 0:01:31] Ng3+ [%clk 0:02:16] Kf4 [%clk 0:01:38] Re3 [%clk 0:00:51] Ra8 [%clk 0:01:03] h4 [%clk 0:01:05] Ra1+ [%clk 0:01:19] Kh2 [%clk 0:31:10] Nd1 [%clk 0:30:34] Re4# [%clk 0:31:28] Kxe4} 1-0

[Event "46th GRE-chT Premier 2018"]
[Site "Rio Achaia"]
[Date "2018.07.10"]
[Round "1"]
[White "Rousis, Mihail"]
[Black "Dimopoulos, Dimitrios"]
[Result "1-0"]
[ECO "B13"]
[WhiteElo "2048"]
[BlackElo "1944"]
[Annotator "NA"]
[PlyCount "79"]
[EventDate "2018.07.10"]
[EventType "team-tourn"]
[EventCountry "GRE"]
[SourceTitle "playchess.com"]
[Source "ChessBase"]
[SourceQuality "1"]
[TimeControl "40/5400+30:1800+30"]

1. e4 c6 2. d4 d5 3. exd5 cxd5 4. c4 Nf6 5. Nc3 Nc6 6. Bg5 dxc4 7. Bxc4 Nxd4 8. Nge2 e5 9. f4 h6 10. fxe5 hxg5 11. Qxd4 Qxd4 12. Nxd4 Ng4 13. Ndb5 Rb8 14. O-O-O Bd7 15. Nc7+ Kd8 16. e6 fxe6 17. Bxe6 Nf6 18. N7b5 a6 19. Ne4 axb5 20. Nxf6 gxf6 21. Rxd7+ Ke8 22. Re1 Bc5 23. Rg7 Bd6 24. h3 b6 25. Bc4+ Be5 26. Bxb5+ Kf8 27. Ra7 Rc8+ 28. Kb1 Rh4 29. Bd7 Rd8 30. Bg4 Re8 31. Rd1 Rh6 32. Rdd7 f5 33. Rf7+ Kg8 34. Rxf5 Rf6 35. Rxg5+ Kf8 36. Rf5 Rxf5 37. Bxf5 Bf6 38. Bg6 Re1+ 39. Kc2 Bg7 40. Ra8+ 1-0

[Event "46th GRE-chT Premier 2018"]
[Site "Rio Achaia"]
[Date "2018.07.10"]
[Round "1"]
[White "Skalkotas, Nikolaos"]
[Black "Leniart, Arkadiusz"]
[Result "0-1"]
[ECO "E10"]
[WhiteElo "2044"]
[BlackElo "2489"]
[Annotator "ChessBase"]
[PlyCount "74"]
[EventDate "2018.07.10"]
[EventType "team-tourn"]
[EventCountry "GRE"]
[SourceTitle "playchess.com"]
[Source "ChessBase"]
[SourceQuality "1"]
[TimeControl "40/5400+30:1800+30"]

1. d4 Nf6 2. c4 e6 3. Nf3 d5 4. g3 Nbd7 5. Bg2 dxc4 6. O-O Rb8 7. Qc2 b5 8. e4 Bb7 9. Re1 c5 10. d5 e5 11. Nc3 Qb6 12. a4 a6 13. a5 Qd8 14. Nh4 g6 15. f4 Bd6 16. Bd2 Qc7 17. Rf1 O-O 18. f5 b4 19. Nd1 c3 20. bxc3 b3 21. Qxb3 Bxd5 22. Qc2 Bc4 23. Ne3 Bxf1 24. Bxf1 Qc6 25. Nc4 Qxe4 26. Qxe4 Nxe4 27. Bh6 Rfd8 28. Re1 Ndf6 29. Nb6 Bc7 30. fxg6 hxg6 31. Bxa6 Bxb6 32. axb6 Rxb6 33. Bc4 Nd2 34. Bxd2 Rxd2 35. Nf3 Rc2 36. Nxe5 Rbb2 37. Bxf7+ Kg7 0-1

[Event "46th GRE-chT Premier 2018"]
[Site "Rio Achaia"]
[Date "2018.07.10"]
[Round "1"]
[White "Kostas, Panagiotis"]
[Black "Manelidou, Maria"]
[Result "1-0"]
[ECO "D01"]
[WhiteElo "2041"]
[BlackElo "2078"]
[Annotator "NA"]
[PlyCount "33"]
[EventDate "2018.07.10"]
[EventType "team-tourn"]
[EventCountry "GRE"]
[SourceTitle "playchess.com"]
[Source "ChessBase"]
[SourceQuality "1"]
[TimeControl "40/5400+30:1800+30"]

1. d4 d5 2. Nc3 Nf6 3. Bg5 h6 4. Bh4 Bf5 5. e3 c6 6. Bd3 Bxd3 7. Qxd3 Nbd7 8. Nf3 e6 9. e4 dxe4 10. Nxe4 Be7 11. Nxf6+ Nxf6 12. Qb3 Nh5 13. Qxb7 Bxh4 14. Qxc6+ Kf8 15. Qc5+ Be7 16. Qxh5 Qb6 17. Ne5 1-0

[Event "46th GRE-chT Premier 2018"]
[Site "Rio Achaia"]
[Date "2018.07.10"]
[Round "1"]
[White "Gkogkas, Dimitrios"]
[Black "Benatsis, Alexandros"]
[Result "1/2-1/2"]
[ECO "D02"]
[WhiteElo "2038"]
[BlackElo "1669"]
[Annotator "NA"]
[PlyCount "98"]
[EventDate "2018.07.10"]
[EventType "team-tourn"]
[EventCountry "GRE"]
[SourceTitle "playchess.com"]
[Source "ChessBase"]
[SourceQuality "1"]
[TimeControl "40/5400+30:1800+30"]

1. d4 Nf6 2. Bf4 d5 3. Nf3 c5 4. c3 Qb6 5. Qb3 c4 6. Qxb6 axb6 7. e3 Nc6 8. Na3 Na7 9. Nc2 Bf5 10. Nb4 e6 11. a3 Nc6 12. Nxc6 bxc6 13. Ne5 c5 14. f3 b5 15. g4 Bc2 16. Kd2 Bb3 17. h4 b4 18. Be2 bxa3 19. Rxa3 Rxa3 20. bxa3 cxd4 21. exd4 Nd7 22. a4 Nxe5 23. Bxe5 f6 24. Bf4 Kd7 25. Ra1 Bd6 26. Bxd6 Kxd6 27. Bd1 Rb8 28. Bc2 Bxc2 29. Kxc2 e5 30. a5 exd4 31. cxd4 Kc6 32. a6 Kb6 33. Kc3 Ka7 34. Ra5 Rb3+ 35. Kc2 Rxf3 36. Rxd5 Kxa6 37. Rc5 Rf4 38. Rxc4 Rxg4 39. Kc3 Rxh4 40. Rc7 Kb5 41. Rb7+ Kc6 42. Rxg7 h5 43. Kd3 Rg4 44. Rf7 Rg6 45. Rh7 Rg5 46. Rh6 Kd5 47. Rxf6 Rg3+ 48. Ke2 Kxd4 49. Rf5 Re3+ {[%emt 0:01:51] Kd3+ Kd5+ Kd4+} 1/2-1/2

[Event "46th GRE-chT Premier 2018"]
[Site "Rio Achaia"]
[Date "2018.07.10"]
[Round "1"]
[White "Chatzieleftheriou, Andreas"]
[Black "Sotiropoulos, Anastasios-Theohar"]
[Result "1/2-1/2"]
[ECO "B17"]
[WhiteElo "2012"]
[BlackElo "1834"]
[Annotator "NA"]
[PlyCount "47"]
[EventDate "2018.07.10"]
[EventType "team-tourn"]
[EventCountry "GRE"]
[SourceTitle "playchess.com"]
[Source "ChessBase"]
[SourceQuality "1"]
[TimeControl "40/5400+30:1800+30"]

1. e4 c6 2. d4 d5 3. Nd2 dxe4 4. Nxe4 Nd7 5. Bd3 Ngf6 6. Ng5 e6 7. N1f3 Bd6 8. c3 h6 9. Ne4 Nxe4 10. Bxe4 Nf6 11. Bc2 Qc7 12. h3 b6 13. Qe2 Bb7 14. Ne5 O-O-O 15. O-O c5 16. a4 g5 17. Bd3 Kb8 18. a5 Rdg8 19. axb6 axb6 20. Ba6 Ba8 21. Bb5 Bb7 22. Ba6 Ba8 23. Bb5 Bb7 24. Ba6 1/2-1/2

[Event "46th GRE-chT Premier 2018"]
[Site "Rio Achaia"]
[Date "2018.07.10"]
[Round "1"]
[White "Papageorgiou, Ioannis"]
[Black "Milonakis, Georgios"]
[Result "0-1"]
[ECO "C54"]
[WhiteElo "1983"]
[BlackElo "2200"]
[Annotator "NA"]
[PlyCount "98"]
[EventDate "2018.07.10"]
[EventType "team-tourn"]
[EventCountry "GRE"]
[SourceTitle "playchess.com"]
[Source "ChessBase"]
[SourceQuality "1"]
[TimeControl "40/5400+30:1800+30"]

1. e4 e5 2. Nf3 Nc6 3. Bc4 Bc5 4. c3 Nf6 $11 5. d3 d6 6. b4 Bb6 7. a4 a6 8. a5 Ba7 9. O-O O-O 10. Nbd2 h6 11. Re1 Ne7 12. Bb3 Ng6 13. Nc4 Re8 14. Be3 Bxe3 15. Nxe3 c6 16. Nc4 Be6 17. Nb6 Rb8 18. Qc2 Qc7 19. h3 Rbd8 20. Bxe6 Rxe6 21. c4 Nd7 22. Na4 Ndf8 23. Rec1 Rf6 24. Nc3 Rxf3 25. gxf3 Qd7 26. Kf1 Qxh3+ 27. Ke1 Ne6 28. Ne2 Qxf3 29. Kd2 d5 30. exd5 cxd5 31. c5 e4 32. Rf1 Ne5 33. d4 Nc4+ 34. Kc1 Nf4 35. Nxf4 Qxf4+ 36. Kb1 Nd2+ 37. Kb2 Nxf1 38. Rxf1 e3 39. Qd3 exf2 40. Kc2 Re8 41. Qd2 Qe4+ 42. Kb2 Qe2 43. Qxe2 Rxe2+ 44. Kb3 g5 45. b5 axb5 46. Rxf2 Rxf2 47. c6 bxc6 48. a6 Rf3+ 49. Kb2 b4 0-1